 Dungeon Crawl Stone Soup version 0.21-a0-258-g4c0eb85 (webtiles) character file.

128 zircondrogin the Slasher (level 5, -12/33 HPs)
             Began as a Tengu Monk on Sept 7, 2017.
             Was a Believer of Ru.
             Mangled by an ogre
             ... wielding a +0 giant club
              (22 damage)
             ... on level 5 of the Dungeon.
             The game lasted 00:13:32 (3159 turns).

zircondrogin the Slasher (Tengu Monk)               Turns: 3159, Time: 00:13:33

Health: -12/33     AC:  6    Str: 12    XL:     5   Next: 12%
Magic:  6/6        EV: 11    Int: 11    God:    Ru [**....]
Gold:   170        SH:  0    Dex: 16    Spells: 4/4 levels left

rFire    . . .     SeeInvis .   a - +0 hunting sling
rCold    x . .     Gourm    .   (no shield)
rNeg     . . .     Faith    .   o - +0 scale mail
rPois    .         Spirit   .   (helmet restricted)
rElec    .         Reflect  .   (no cloak)
rCorr    .         Harm     .   (no gloves)
MR       .....                  (boots unavailable)
Stlth    +.........             (no amulet)
HPRegen  0.11/turn              q - ring of protection from fire
MPRegen  0.10/turn              (no ring)

@: no status effects
A: beak, talons 3, able to fly 1, temperature sensitive
a: Fly, Renounce Religion


You were on level 5 of the Dungeon.
You worshipped Ru.
Ru was pleased with you.
You were not hungry.

You visited 2 branches of the dungeon, and saw 6 of its levels.

You collected 170 gold pieces.

Inventory:

Hand Weapons
 a - a +0 hunting sling (weapon)
 f - a +1 falchion
Missiles
 m - 25 stones (quivered)
Armour
 b - a +0 robe
 i - a +0 ring mail
 o - a +0 scale mail (worn)
Jewellery
 q - a ring of protection from fire (left hand)
Scrolls
 e - 4 scrolls of identify
 r - 2 scrolls of amnesia
Potions
 g - a potion of berserk rage
 h - 4 potions of brilliance
 l - a potion of invisibility
 n - 2 potions of curing
 p - a potion of cancellation
 t - a potion of degeneration {unknown}
Comestibles
 c - 4 bread rations
 j - 2 meat rations
 k - 3 royal jellies


   Skills:
 + Level 3.8 Fighting
 * Level 4.5 Long Blades
 + Level 4.1 Dodging
 + Level 2.6 Stealth


You had 4 spell levels left.
You didn't know any spells.

Dungeon Overview and Level Annotations

Branches:
Dungeon (5/15)             Temple (1/1) D:5

Altars:
Ashenzari
Cheibriados
Elyvilon
Gozag
Kikubaaqudgha
Makhleb
Qazlal
Ru
Sif Muna
Uskayaw
Vehumet
Wu Jian
Xom
Yredelemnul
Zin

Annotations:
D:3 axrath's ghost, amateur HuAK


Innate Abilities, Weirdness & Mutations

You have a beak for a mouth.
You have claws for feet.
You can fly.
You are sensitive to extremes of temperature. (rF-, rC-)


Message History

You see here a stone.
You are starting to lose your buoyancy.
You float gracefully downwards.
Firing (i - inventory):
m - 27 stones (quivered)
Press: ? - help, Shift-Dir - straight line, f/p - ogre
Aim: an ogre, wielding a giant club (almost dead)
You shoot a stone.
The stone hits the ogre but does no damage.
The ogre is almost dead.
The ogre is stunned by your will and fails to attack.
You see here a stone.
The ogre hits you but does no damage.
Firing (i - inventory):
m - 26 stones (quivered)
Press: ? - help, Shift-Dir - straight line, f/p - ogre
Aim: an ogre, wielding a giant club (severely wounded)
You shoot a stone. The stone hits the ogre.
The ogre is almost dead.
The ogre hits you with a giant club!!
Ouch! That really hurt!
You die...

. #.# #. #.# .. #.# .# #.#
.# #.# .### #.#
########...# #.
#.######.......##+### #.
##...(O@.....(.(.....#
##.##((....#.....!.......#
#.....####(#.............#
#.....# #.#........##.###
#.....# #.#...........#
#.....####.#....)...####
#.....(....#<.............
#....####..#.8>8#######...
###<#......#.##.# #


You could see an ogre.

Vanquished Creatures
  Natasha (D:3)
  3 adders
  3 oozes
  A worm (D:2)
  2 dart slugs
  A leopard gecko (D:2)
  An orc (D:5)
  A ball python (D:2)
  4 giant cockroaches
  6 goblins
  3 hobgoblins
  A quokka (D:2)
  7 bats
  3 frilled lizards
  7 kobolds
  11 rats
55 creatures vanquished.

Notes
Turn   | Place    | Note
-------+----------+-------------------------------------------
     0 | D:1      | zircondrogin the Tengu Monk began the quest for the Orb.
     0 | D:1      | Reached XP level 1. HP: 14/14 MP: 2/2
   264 | D:1      | Reached XP level 2. HP: 18/19 MP: 3/3
   592 | D:1      | Reached XP level 3. HP: 19/23 MP: 4/4
   992 | D:2      | Found an opulent altar of Gozag.
  1156 | D:2      | Reached XP level 4. HP: 26/28 MP: 5/5
  1754 | D:2      | Found an ornate altar of the Wu Jian Council.
  1945 | D:3      | Noticed axrath's ghost (amateur HuAK)
  2086 | D:3      | Found a basalt altar of Yredelemnul.
  2129 | D:3      | Noticed Natasha
  2139 | D:3      | Killed Natasha
  2417 | D:3      | Gained mutation: You can fly. [Tengu growth]
  2417 | D:3      | Reached XP level 5. HP: 30/33 MP: 6/6
  2576 | D:3      | Noticed an ogre
  2625 | D:4      | Noticed an ogre
  2807 | D:5      | Entered Level 5 of the Dungeon
  2807 | D:5      | Found a staircase to the Ecumenical Temple.
  2807 | D:5      | Noticed an ogre
  2811 | Temple   | Entered the Ecumenical Temple
  3002 | Temple   | Became a worshipper of Ru the Awakened
  3010 | Temple   | Gained mutation: You are sensitive to extremes of temperature. (rF-, rC-) [Ru sacrifice]
  3010 | Temple   | Reached * piety under Ru
  3010 | Temple   | Reached ** piety under Ru
  3049 | D:5      | HP: 1/33 [ogre/giant club (16)]
  3159 | D:5      | Mangled by an ogre

Vault maps used:
D:1:      zelgadis_glass_arrival_small
D:2:      grunt_gozag_breadcrumbs, nicolae_overflow_hidden_temple,
          minmay_misc_feat_alley, bh_walls_and_bars
D:3:      nicolae_overflow_crystal_walls, uniq_natasha
D:4:      lemuel_upstairs_altar, tgw_trog, first_bread, minmay_misc_feat_tiny,
          grunt_qazlal_clouds
D:5:      temple_statues, evilmike_ruin_ashenzari
Temple:   minmay_temple_bridge_abc

Skill      XL: |  1  2  3  4 |
---------------+-------------+-----
Long Blades    | 4 |  4.5
Dodging        | 4 |  4.1
Fighting       | |  3.8
Stealth        | |  2.6

Action                   |  1- 3 |  4- 6 || total
-------------------------+-------+-------++-------
Melee: Falchion          |    72 |    37 ||   109
       Kick              |    18 |    11 ||    29
       Peck              |    10 |     8 ||    18
 Fire: Hunting sling     |       |    20 ||    20
Invok: Sacrifice Resista |       |     1 ||     1
 Abil: Fly               |       |     3 ||     3
  Use: Scroll            |     4 |     9 ||    13
 Stab: Sleeping          |     5 |     1 ||     6
       Invisible         |       |     1 ||     1
  Eat: Chunk             |     1 |     6 ||     7
Armor: Ring mail         |    24 |     3 ||    27
       Scale mail        |       |     7 ||     7
Dodge: Dodged            |    48 |    33 ||    81
       Rpst.: Falchion   |    15 |    11 ||    26

Table legend:
 A = Spawn XP
 B = Non-spawn XP
 C = Spawn XP percentage of total XP
 D = Spawn monster count
 E = Non-spawn monster count
 F = Spawn count percentage of total count
 G = Total turns spent on level
                    A         B        C        D         E        F      G
               +---------+---------+-------+---------+---------+-------+---------
         Total |       0 |     184 |   0.0 |       0 |      55 |   0.0 |  3159
               +---------+---------+-------+---------+---------+-------+---------
           D:1 |       0 |      49 |   0.0 |       0 |      24 |   0.0 |   933
           D:2 |       0 |      62 |   0.0 |       0 |      20 |   0.0 |  1077
           D:3 |       0 |      66 |   0.0 |       0 |       9 |   0.0 |   739
           D:4 |       0 |       4 |   0.0 |       0 |       1 |   0.0 |    58
           D:5 |       0 |       3 |   0.0 |       0 |       1 |   0.0 |   137
               +---------+---------+-------+---------+---------+-------+---------
